Unix NetHack Version 3.7.0-59 Work-in-progress - last build May 27 2022 13:05:58 (8500ec8471030ebd41fc3e2ff99709a52330cc4d,branch:master). Game began 2022-05-25 20:00:49, ended 2022-05-27 19:04:28. ang3l, lawful female dwarven Valkyrie ------------ ---------------- |..........| |.{............| |...........## #...............-# |..........| # #|..............|# |..........| # ##+..............|# -|----|----- ## #----------------# #### ### # # ## ##### ## # # # ^ # ### ### ### # -|-f-------- ---.-###### ## # |.@e.......| |.(..# ## ---------# #------- # ----- ####...........| |.{.| ##|.......-)%#######....%%| ## ----- |...|## |..........| |...| #|(..<...|% #|.)%%%|########....| |...|# ------------ |....# ##|..).%..|# #|.%%)%|# # |...| |....# |...| #-.......-%# ##-------# # |... ----- ----- #---------## ########## # |... ###.>.. ---- Ang3l the Woman-at-arms St:25 Dx:15 Co:17 In:10 Wi:8 Ch:8 Lawful S:128170 Dlvl:23 $:0 HP:0(100) Pw:13(13) AC:-2 Xp:12/27332 T:19352 Hungry Burdened Latest messages: The jaguar hits! The jaguar bites! The jaguar hits! The jaguar hits! The jaguar misses! The jaguar hits! The jaguar hits! The jaguar misses! The jaguar hits! The jaguar hits! The jaguar bites! The jaguar hits! The jaguar misses! The jaguar bites! The jaguar hits! The jaguar hits! The jaguar bites! The jaguar hits! The jaguar hits! The jaguar bites! The jaguar just misses! The jaguar hits! The jaguar bites! The jaguar hits! The jaguar hits! The jaguar bites! The jaguar hits! The jaguar hits! The jaguar misses! The jaguar hits! The jaguar hits! The jaguar bites! The jaguar hits! The jaguar hits! The jaguar bites! The jaguar hits! The jaguar hits! The jaguar bites! The jaguar misses! The jaguar hits! The jaguar misses! The jaguar hits! The jaguar hits! The jaguar bites! The jaguar hits! The jaguar misses! The jaguar bites! The jaguar hits! The jaguar hits! You die... Major events: Turn 1: ang3l the lawful dwarven Valkyrie entered the dungeon 934: attained the rank of Skirmisher (level 3) 1975: received Excalibur from a strange woman laying about in a pond 2021: attained the rank of Fighter (level 6) 3028: entered Sokoban 4188: completed sokoban 1 4870: completed sokoban 2 5672: completed sokoban 3 6498: completed sokoban 4 6910: acquired the Sokoban bag of holding 8124: attained the rank of Woman-at-arms (level 10) 8670: entered the Gnomish Mines 10069: reached Mine Town 11453: acquired the Mines' End luckstone 14174: entered the Bigroom 19352: killed by a jaguar, while frozen by a floating eye's gaze Inventory: Weapons (')') z - an uncursed +2 elven dagger X - 2 uncursed +0 elven daggers (at the ready) a - the blessed rustproof +1 Excalibur (weapon in hand) P - a blessed +2 silver saber Armor ('[') o - an uncursed corroded +0 orcish helm (being worn) B - an uncursed rusty +0 pair of gauntlets of power (being worn) D - a blessed burnt +1 pair of speed boots (being worn) c - an uncursed thoroughly burnt +3 small shield (being worn) m - an uncursed +0 robe (being worn) w - an uncursed +0 elven mithril-coat (being worn) Rings ('=') I - a blessed +1 ring of protection (on right hand) Wands ('/') q - an uncursed wand of cold (0:5) b - an uncursed wand of light (0:12) Y - an uncursed wand of light (0:5) R - a cursed wand of magic missile named z3 (0:5) F - an uncursed wand of nothing named !msg (0:13) G - an uncursed wand of secret door detection named !msg (0:13) s - a cursed wand of secret door detection (0:15) L - an uncursed wand of slow monster (0:4) O - an uncursed wand of speed monster named speed monster (0:4) p - an uncursed wand of striking named striking (0:7) Tools ('(') i - a blessed bag of holding named of holding containing 131 items C - an uncursed blindfold y - an uncursed credit card e - an uncursed skeleton key t - an uncursed +0 unicorn horn Gems/Stones ('*') H - an uncursed luckstone named luckstone Contents of the bag of holding named of holding: 13662 gold pieces an uncursed +0 pair of gauntlets of power an uncursed +0 pair of elven boots an uncursed +0 pair of elven boots an uncursed pumpkin muffin 3 uncursed apples an uncursed banana 8 uncursed C-rations an uncursed cram ration 3 uncursed food rations 12 uncursed food rations 6 uncursed fortune cookies 2 uncursed K-rations an uncursed lembas wafer an uncursed orange an uncursed pear an uncursed sprig of wolfsbane 2 uncursed tripe rations an uncursed tin of winter wolf cub meat an uncursed killer bee egg an uncursed egg an uncursed lichen corpse an uncursed lizard corpse an uncursed lizard corpse an uncursed lizard corpse an uncursed scroll of amnesia a cursed scroll of blank paper an uncursed scroll of create monster a cursed scroll of create monster 2 uncursed scrolls of earth 2 uncursed scrolls of enchant armor 2 uncursed scrolls of enchant weapon 2 uncursed scrolls of enchant weapon a cursed scroll of enchant weapon 2 uncursed scrolls of fire an uncursed scroll of gold detection 6 uncursed scrolls of identify a cursed scroll of identify a blessed scroll of light an uncursed scroll of light an uncursed scroll of punishment an uncursed scroll of remove curse an uncursed scroll of remove curse a cursed scroll of remove curse a blessed scroll of teleportation 2 uncursed scrolls of teleportation 5 uncursed scrolls of teleportation an uncursed potion of acid an uncursed potion of booze named 25 a blessed potion of confusion a blessed potion of confusion an uncursed potion of confusion a cursed potion of confusion an uncursed potion of enlightenment named 100 an uncursed potion of extra healing named 50 3 uncursed potions of extra healing named 50 2 uncursed potions of fruit juice named 25 a blessed potion of full healing named 100 an uncursed potion of full healing named 100 a blessed potion of gain energy named 75 an uncursed potion of gain energy named 75 an uncursed potion of gain level 2 blessed potions of healing named 50 an uncursed potion of healing named 50 an uncursed potion of healing named 50 a cursed potion of healing a cursed potion of healing named 50 an uncursed potion of invisibility named 75 an uncursed potion of invisibility named 75 an uncursed potion of monster detection named 75 a blessed potion of object detection a blessed potion of object detection named 75 2 uncursed potions of object detection named 75 a cursed potion of object detection named 75 2 uncursed potions of oil named oil a cursed potion of oil an uncursed potion of paralysis 2 uncursed potions of paralysis an uncursed potion of restore ability named 50 a cursed potion of sleeping named 50 an uncursed potion of speed 2 uncursed potions of water named 50 a blessed +1 ring of adornment a cursed -1 ring of adornment an uncursed ring of free action a cursed -1 ring of gain constitution an uncursed +1 ring of increase accuracy a cursed -1 ring of increase damage a cursed ring of invisibility an uncursed ring of regeneration an uncursed ring of sustain ability an uncursed ring of teleport control an uncursed ring of teleport control a cursed ring of teleportation an uncursed ring of warning an uncursed wand of digging (0:5) an uncursed wand of digging named z1 (0:4) an uncursed wand of digging (0:2) an uncursed wand of lightning (0:5) an uncursed wand of magic missile (0:4) an uncursed wand of magic missile (0:4) an uncursed wand of magic missile (0:0) an uncursed wand of magic missile (0:0) an uncursed wand of striking named striking (0:5) an uncursed wand of striking (0:4) an uncursed wand of striking (0:0) an uncursed wand of striking (0:0) an uncursed wand of teleportation (0:7) an uncursed wand of teleportation (0:7) an uncursed wand of teleportation (0:6) an uncursed bugle an uncursed can of grease (0:17) an uncursed magic marker (0:44) an uncursed tin whistle 3 uncursed amethyst stones named amethysts? 2 uncursed aquamarine stones an uncursed citrine stone 3 uncursed diamonds named diamond 2 uncursed emeralds named emerald an uncursed fluorite stone 2 uncursed jasper stones an uncursed obsidian stone 2 uncursed rubies named ruby 5 uncursed worthless pieces of blue glass an uncursed worthless piece of green glass an uncursed worthless piece of green glass an uncursed worthless piece of orange glass 2 uncursed worthless pieces of red glass an uncursed worthless piece of violet glass an uncursed worthless piece of white glass 2 uncursed worthless pieces of yellow glass Ang3l the Valkyrie's attributes: Background: You were a Woman-at-arms, a level 12 dwarven Valkyrie. You were lawful, on a mission for Tyr who was opposed by Odin (neutral) and Loki (chaotic). You were in the Dungeons of Doom, on level 23. You entered the dungeon 19352 turns ago. You had 27332 experience points, 12668 more were needed to attain level 13. Your score was 128170 before end-of-game adjustments. Basics: You had 0 out of 100 hit points. You had all 13 energy points (spell power). Your armor class was -2. Your wallet was empty. Autopickup was on for '$?!/="' plus thrown, with exceptions. Final Characteristics: Your strength was 25 (base:13, peak:17, innate limit:18/100). Your dexterity was 15 (peak:17, limit:20). Your constitution was 17 (limit:20). Your intelligence was 10 (limit:16). Your wisdom was 8 (limit:16). Your charisma was 8 (limit:16). Final Status: You were hungry. You were burdened; movement was slightly slowed. You were wielding a long sword. You had expert skill with long sword. Final Attributes: You were piously aligned. You were fire resistant. You were cold resistant. You were sleep resistant. You were shock resistant. You were poison resistant. You were level-drain resistant. You saw invisible. You were telepathic. You had automatic searching. You had infravision. You were stealthy. You had a small defense bonus (+1). You were protected. You were very fast. You were very lucky. You had extra luck. Bad luck did not time out for you. Good luck did not time out for you. You are dead. Miscellaneous: You never encountered a bones level. Total elapsed playing time was 4 hours, 7 minutes and 41 seconds. Vanquished creatures: a baluchitherium 2 stone golems a Nazgul a titanothere a vampire leader a lurker above an ettin a lieutenant 3 ghosts a queen bee a winged gargoyle a mind flayer 2 giant mimics 3 zruties an ogre tyrant 5 ice trolls an umber hulk 2 flesh golems an elven monarch a doppelganger 5 large mimics a stalker an air elemental a fire elemental a water elemental 4 hill giants 3 sergeants a water demon a warg a winter wolf 9 small mimics 2 warhorses 2 xans an ettin mummy 4 quantum mechanics 9 trolls 3 wood golems 3 gelatinous cubes 2 large dogs 4 flaming spheres 2 tigers a gargoyle a dwarf ruler 2 tengu 2 ochre jellies a leocrotta a mountain centaur 2 elf mummies 2 red nagas a python a pit viper 4 wraiths a carnivorous ape 7 Grey-elves 13 soldiers 2 chameleons 4 giant beetles 6 quivering blobs 6 cockatrices 3 wolves a winter wolf cub 2 lynxes 2 panthers 2 gremlins 3 leprechauns 11 orc-captains 3 iron piercers 4 giant spiders 4 scorpions a horse 3 ice vortices 2 black lights a vampire bat 3 forest centaurs a gnome ruler an orc mummy a dwarf mummy 4 ogres a brown pudding a rust monster 4 owlbears 2 yetis 2 gold golems 5 werewolves 8 Green-elves 6 lizards a chickatrice a dingo 3 housecats 2 jaguars a black unicorn a raven 4 plains centaurs 3 gnome mummies a snake 4 apes 4 human zombies a rope golem 5 Woodland-elves 2 soldier ants a fire ant 16 bugbears a quasit a water nymph 2 mountain nymphs 12 Mordor orcs 21 Uruk-hai 7 orc shamans 3 rock piercers 3 rock moles 3 ponies 4 fog clouds 7 yellow lights 5 gnome leaders a gnomish wizard 4 kobold mummies a golden naga hatchling a gray ooze a barrow wight 2 ghouls 5 straw golems 17 giant ants 4 little dogs 12 floating eyes 3 kittens 6 homunculi 3 kobold leaders 3 kobold shamans 17 hill orcs 17 rothes 2 rabid rats a giant bat a monkey 4 orc zombies 2 dwarf zombies a wererat 2 werejackals 4 iguanas 17 killer bees an acid blob 2 gas spores 2 manes 3 large kobolds 12 hobgoblins 9 giant rats 10 cave spiders a brown mold 4 yellow molds 2 green molds a red mold 7 gnomes 6 garter snakes 3 gnome zombies 6 geckos 6 jackals a fox 4 kobolds 14 goblins 8 sewer rats 4 grid bugs a bat 7 lichens a kobold zombie 10 newts 604 creatures vanquished. No species were genocided or became extinct. Voluntary challenges: You read items or engraved 19 times. You engraved Elbereth 7 times. You never genocided any monsters. You never polymorphed an object. You never changed form. You used no wishes. You did not violate any of the special Sokoban rules. Achievements: You attained the rank of Skirmisher. You attained the rank of Fighter. You entered a shop. You entered Sokoban. You completed Sokoban. You attained the rank of Woman-at-arms. You entered the Gnomish Mines. You entered Minetown. You completed the Gnomish Mines. You entered the Big Room. The Dungeons of Doom: levels 1 to 24 Level 1: A fountain. Level 2: A fountain, a sink, a grave. Level 3: Some fountains. Stairs down to The Gnomish Mines. Level 4: Level 5: Level 6: Many fountains. Level 7: A delicatessen. Stairs up to Sokoban, level 6. Level 8: An altar, some fountains, a grave. Level 9: A throne, a fountain. Level 10: A fountain. Level 11: A fountain. Level 12: A very big room. Summoned by the Norn. Level 13: Many graves. Level 14: A fountain. Level 15: Some fountains. Level 16: An altar, a fountain. Level 17: "zoo x 4 bags" A sink. Level 18: A primitive area. Level 19: A fountain. Level 20: A potion shop, a fountain. Level 21: A fountain. Level 22: A fountain. Level 23: <- You were here. Some fountains. Final resting place for you, killed by a jaguar, while frozen by a floating eye's gaze. Level 24: Many trees. The Gnomish Mines: levels 4 to 12 Level 4: Level 5: Level 6: Level 7: An altar, some fountains. Level 8: Level 9: Level 10: Level 11: Level 12: Sokoban: levels 6 up to 3 Level 3: Solved. Level 4: Solved. Level 5: Solved. Level 6: Solved. Game over: ---------- / \ / REST \ / IN \ / PEACE \ / \ | ang3l | | 13662 Au | | killed by a | | jaguar | | | | | | 2022 | *| * * * | * _________)/\\_//(\/(/\)/\//\/|_)_______ Farvel ang3l the Valkyrie... You died in The Dungeons of Doom on dungeon level 23 with 126804 points, and 13662 pieces of gold, after 19352 moves. You were level 12 with a maximum of 100 hit points when you died.